 Dungeon Crawl Stone Soup version 0.29-a0-270-g1586fc07ea (webtiles) character file.

Game seed: 12788642078951956073

165 siradein the Grave Robber (level 5, 0/41 HPs)
             Began as a Minotaur Necromancer on Mar 7, 2022.
             Succumbed to an orc wizard's poison
             ... on level 4 of the Dungeon.
             The game lasted 00:10:53 (4844 turns).

siradein the Grave Robber (Minotaur Necromancer)    Turns: 4844, Time: 00:10:53

Health: 0/41       AC:  8    Str: 13    XL:     5   Next: 22%
Magic:  7/7        EV:  9    Int: 14    God:
Gold:   153        SH:  5    Dex: 10    Spells: 4/8 levels left

rFire   . . .      SeeInvis .   n - +0 flail (protect)
rCold   . . .      Faith    .   (no shield)
rNeg    . . .      Spirit   .   s - +2 scale mail {rPois}
rPois   +          Reflect  +   (helmet restricted)
rElec   .          Harm     .   (no cloak)
rCorr   .          Rampage  .   (no gloves)
Will    .....                   (no boots)
Stlth   ..........              l - amulet of reflection
HPRegen 0.13/turn               (no ring)
MPRegen 0.10/turn               (no ring)

@: lethally poisoned (0 -> -4)
A: horns 2, retaliatory headbutt
a: no special abilities


You were on level 4 of the Dungeon.
You visited 1 branch of the dungeon, and saw 4 of its levels.

You collected 189 gold pieces.
You spent 36 gold pieces at shops.

Inventory:

Hand Weapons
 n - a +0 flail of protection (weapon)
Missiles
 c - 9 boomerangs (quivered)
Armour
 s - a +2 scale mail of poison resistance (worn)
Jewellery
 l - an amulet of reflection (around neck)
Wands
 h - a wand of flame (29)
Scrolls
 a - a scroll of vulnerability {unknown}
 d - 2 scrolls of teleportation {unknown}
 e - 4 scrolls of identify {unknown}
 k - a scroll of fear {unknown}
 m - a scroll of enchant armour {unknown}
 o - 2 scrolls of magic mapping {unknown}
 p - a scroll of brand weapon {unknown}
 q - a scroll of enchant weapon {unknown}
Potions
 b - a potion of magic
 f - a potion of mutation {unknown}
 g - 2 potions of degeneration {unknown}
 i - a potion of curing
 j - a potion of lignification {unknown}
 r - a potion of might {unknown}


   Skills:
 + Level 2.1 Fighting
 + Level 1.8 Maces & Flails
 + Level 1.9 Armour
 + Level 3.0 Dodging
 - Level 1.5 Stealth
 + Level 2.0 Spellcasting
 * Level 3.6 Necromancy


You had 4 spell levels left.
You knew the following spells:

 Your Spells              Type           Power      Damage    Failure   Level
a - Pain                  Necr           44%        1d6       26%         1
b - Vampiric Draining     Necr           11%        2d6       58%         3

Your spell library contained the following spells:

 Spells                   Type           Power      Damage    Failure   Level
 Animate Skeleton         Necr           22%        N/A       26%         1
 Foxfire                  Conj/Fire      4%         2x1d4     73%         1
 Animate Dead             Necr           5%         N/A       94%         4
 Conjure Flame            Conj/Fire      1%         6-21      97%         3
 Inner Flame              Hex/Fire       1%         N/A       97%         3
 Tukima's Dance           Hex            1%         N/A       97%         3
 Anguish                  Hex/Necr       3%         N/A       99%         4
 Flame Wave               Conj/Fire      1%         2d4       100%        4
 Agony                    Necr           11%        N/A       100%        5
 Enfeeble                 Hex            0%         N/A       100%        7


Dungeon Overview and Level Annotations

Branches:
Dungeon (4/15)
 Temple: D:4-7

Altars:

Shops:
D:3 !

Annotations:
D:3 1 runed translucent door, Crazy Yiuf


Innate Abilities, Weirdness & Mutations

You have a pair of horns on your head.
You reflexively headbutt those who attack you in melee.


Message History

The magic dart hits you.
* * * LOW HITPOINT WARNING * * *
You feel better. Something hits you but does no damage.
An orc wizard appears from thin air!
Reactivating autopickup.
The orc wizard points at you and mumbles some strange words.
The magic dart hits you but does no damage.
The orc wizard gestures wildly while chanting.
The orc wizard flickers and vanishes!
Deactivating autopickup; reactivate with Ctrl-A.
You hit something.
Your weapon exudes an aura of protection.
Something hits you but does no damage.
You miss something. Your headbutt misses something.
Something hits you but does no damage.
You are poisoned.
You closely miss something. Your headbutt misses something.
* * * LOW HITPOINT WARNING * * *
You feel very sick. Something hits you but does no damage.
You are lethally poisoned!
You block something's attack.
You hit something but do no damage.
Your weapon exudes an aura of protection.
* * * LOW HITPOINT WARNING * * *
You feel very sick. Something hits you but does no damage.
* * * LOW HITPOINT WARNING * * *
You feel sick. Something hits you but does no damage.
* * * LOW HITPOINT WARNING * * *
You feel sick.
* * * LOW HITPOINT WARNING * * *
You feel sick.
* * * LOW HITPOINT WARNING * * *
You feel sick.
A magic dart appears from out of thin air!
The magic dart hits you but does no damage.
You die...

#...............
###.##.######### #.##.#
#....# #.#### #.# #.#
#############.#
####........{..@.#
........########........
####.##.### #####.###
#......# #..###.## #..
#..# ## #..# ........).#
......##..#


There were no monsters in sight!

Vanquished Creatures
  Terence (D:3)
  3 gnolls
  3 adders (D:2)
  3 worms (D:2)
  2 orcs
  4 bats (D:1)
  8 endoplasms
  5 giant cockroaches
  7 goblins
  8 hobgoblins
  2 jackals (D:1)
  2 quokkas (D:1)
  3 ball pythons
  2 frilled lizards
  9 kobolds
  10 rats
72 creatures vanquished.

Notes
Turn   | Place    | Note
-------+----------+-------------------------------------------
     0 | D:1      | siradein the Minotaur Necromancer began the quest for the
                  | Orb.
     0 | D:1      | Reached XP level 1. HP: 14/14 MP: 1/1
   494 | D:1      | Reached XP level 2. HP: 21/22 MP: 1/3
  1059 | D:1      | Reached skill level 1 in Fighting
  1186 | D:1      | Reached skill level 1 in Armour
  1186 | D:1      | Reached XP level 3. HP: 21/28 MP: 4/4
  1296 | D:1      | Learned a level 3 spell: Vampiric Draining
  2069 | D:2      | Reached skill level 1 in Maces & Flails
  2317 | D:2      | Reached XP level 4. HP: 20/35 MP: 5/5
  3168 | D:3      | Found Zumula's Distillery.
  3182 | D:3      | Found a runed translucent door.
  3183 | D:3      | Noticed Crazy Yiuf
  3322 | D:3      | Bought a potion of curing for 36 gold pieces
  3326 | D:3      | Found a faded altar of an unknown god.
  3568 | D:3      | Noticed Terence
  3886 | D:3      | Killed Terence
  4253 | D:4      | Reached XP level 5. HP: 23/41 MP: 7/7
  4819 | D:4      | HP: 2/41 [something/puff of flame (6)]
  4842 | D:4      | HP: 2/41 [poisoned by an orc wizard]
  4844 | D:4      | Succumbed to an orc wizard's poison

Illustrated notes

Levels and vault maps discovered:
D:1:      co_arrival_random_square_maze, layout_rooms
D:2:      layout_rooms
D:3:      layout_rooms, basic_ecumenical_altar, serial_shops,
          nicolae_shop_waterfront, uniq_crazy_yiuf_cottage, uniq_terence
D:4:      layout_loops_ring, minitemple, mainiacjoe_overflow_six_doors_small

Skill      XL: |  1  2  3  4  5 |
---------------+----------------+-----
Necromancy     | 3 |  3.6
Fighting       | 1 2 |  2.1
Armour         | 1 |  1.9
Maces & Flails | 1 |  1.8
Spellcasting   | 2 |  2.0
Dodging        | 3 |  3.0
Stealth        | |  1.5

Action                   |  1- 3 |  4- 6 || total
-------------------------+-------+-------++-------
Melee: Short sword       |     7 |       ||     7
       Whip              |   151 |    45 ||   196
       Unarmed           |     5 |       ||     5
       Headbutt          |    19 |    14 ||    33
       Punch             |     1 |     3 ||     4
       Flail             |       |    72 ||    72
Throw: Boomerang         |       |     4 ||     4
 Cast: Pain              |     1 |       ||     1
  Use: Potion            |       |     2 ||     2
 Stab: Sleeping          |       |     1 ||     1
Armor: Robe              |    21 |       ||    21
       Plate armour      |    85 |       ||    85
       Leather armour    |     5 |    10 ||    15
       Scale mail        |       |    45 ||    45
       Ring mail         |       |     4 ||     4
Dodge: Dodged            |    73 |    55 ||   128
Block: Other             |       |    14 ||    14

Table legend: (Time is in decaauts)
 A = Elapsed time spent in this place.
 B = Non-inter-level travel time spent in this place.
 C = Inter-level travel time spent in this place.
 D = Time resting spent in this place.
 E = Time spent auto-exploring this place.
 F = Levels seen in this place.
 G = Mean time per level.
                   A        B        C        D        E       F      G
               +--------+--------+--------+--------+--------+-----+--------+
         Total |   4883 |   4787 |     96 |    896 |   3035 |   4 | 1220.8 |
       Dungeon |   4883 |   4787 |     96 |    896 |   3035 |   4 | 1220.8 |
               +--------+--------+--------+--------+--------+-----+--------+

Top non-repeatable levels by time:
     D:1: 1818 daAuts
     D:2: 1490 daAuts
     D:3: 1338 daAuts
     D:4: 236 daAuts
